 Dungeon Crawl Stone Soup version 0.29.1-15-g9cfb28693d (webtiles) character file.

Game seed: 1331034069863053249

245 Scypho the Cudgeller (level 5, 39/45 HPs)
             Began as a Minotaur Fighter on Mar 11, 2023.
             Quit the game on level 4 of the Dungeon on Dec 15, 2023.
             The game lasted 00:08:26 (2819 turns).

Scypho the Cudgeller (Minotaur Fighter)             Turns: 2819, Time: 00:08:27

Health: 39/45      AC: 10    Str: 21    XL:     5   Next: 84%
Magic:  4/4        EV:  9    Int:  7    God:
Gold:   146        SH:  4    Dex:  9    Spells: 4/4 levels left

rFire   . . .      SeeInvis .   a - +0 flail
rCold   . . .      Faith    .   c - +0 buckler
rNeg    . . .      Spirit   .   b - +0 scale mail
rPois   .          Reflect  .   (helmet restricted)
rElec   .          Harm     .   (no cloak)
rCorr   .          Rampage  .   t - +2 pair of gloves
Will    .....                   (no boots)
Stlth   ..........              (no amulet)
HPRegen 0.15/turn               (no ring)
MPRegen 0.09/turn               (no ring)

@: mighty
A: horns 2, retaliatory headbutt
a: no special abilities


You were on level 4 of the Dungeon.
You visited 1 branch of the dungeon, and saw 4 of its levels.

You collected 146 gold pieces.

Inventory:

Hand Weapons
 a - a +0 flail (weapon)
Missiles
 g - 6 javelins (quivered)
Armour
 b - a +0 scale mail (worn)
 c - a +0 buckler (worn)
 t - a +2 pair of gloves (worn)
Scrolls
 i - 3 scrolls of identify
 j - 2 scrolls of poison
Potions
 d - a potion of might
 e - 2 potions of flight {unknown}
 f - a potion of lignification {unknown}
 h - 3 potions of curing
 k - a potion of heal wounds
 n - a potion of invisibility {unknown}
 p - 2 potions of magic {unknown}
 q - a potion of mutation {unknown}


   Skills:
 - Level 3.6 Fighting
 + Level 7.5 Maces & Flails
 - Level 3.6 Armour
 - Level 3.6 Shields


You had 4 spell levels left.
You didn't know any spells.
Your spell library contained the following spells:

 Spells                   Type           Power      Damage    Failure   Level
 Sting                    Tmut/Pois      0%         1d3       86%         1
 Ignite Poison            Fire/Tmut/Pois 0%         N/A       99%         3
 Fireball                 Conj/Fire      0%         3d3       100%        5
 Yara's Violent Unravell  Hex/Tmut       0%         3d3       100%        5
 Starburst                Conj/Fire      0%         6d3       100%        6
 Ignition                 Fire           0%         3d3       100%        8
 Chain Lightning          Conj/Air       0%         N/A       100%        9


Dungeon Overview and Level Annotations

Branches:
Dungeon (4/15)
 Temple: D:4-7

Altars:

Portals:
Ossuary: D:4


Innate Abilities, Weirdness & Mutations

You have a pair of horns on your head.
You reflexively headbutt those who attack you in melee.


Message History

The bat barely misses you. The bat hits you but does no damage.
The shadow imp hits you but does no damage.
You closely miss the shadow imp. You headbutt the shadow imp!
You kill the shadow imp!
The shadow imp disappears in a puff of smoke!
The bat hits you but does no damage. The bat closely misses you.
The ufetubus closely misses you. The ufetubus barely misses you.
You block the iron imp's attack.
The ufetubus hits you but does no damage. x2
The bat barely misses you. You furiously retaliate!
You headbutt the bat!!
You kill the bat!
The bat's corpse disappears in a puff of smoke!
You bludgeon the iron imp!!
You kill the iron imp!
The iron imp disappears in a puff of smoke!
The ufetubus hits you but does no damage. x2
Eustachio casts a spell.
Eustachio blinks!
The ufetubus barely misses you. x2
The ufetubus hits you but does no damage.
You block the ufetubus's attack. Eustachio closely misses you.
You sock Eustachio!
The ufetubus hits you but does no damage. x2
Eustachio calls on the powers of shadow!
Eustachio closely misses you. You furiously retaliate!
You headbutt Eustachio!
You kill Eustachio!
The ufetubus disappears in a puff of smoke!
You feel your dexterity returning.
Your Maces & Flails skill increases to level 7!
You have reached level 5!
Things that are here:
a +0 rapier; a +3 leather armour; the human corpse of Eustachio Saving game... please wait.
You hear the hiss of flowing sand.
There is an entrance to an ossuary on this level.
Hurry and find it before the portal is buried!
Welcome back, Scypho the Minotaur Fighter.
Okay, then.
Okay, then.
Unknown command.

.. ..### ...... ......
..∩...####
.........### #
...........# ...
.......@...#####.....
............†........
..........######......
.......=.... .....#
......######. .....
...... .. # ###### .
..... ..... ..#..


There were no monsters in sight!

Vanquished Creatures
  Eustachio (D:4)
  A howler monkey (D:4)
  An adder (D:3)
  4 worms
  2 dart slugs
  An orc (D:3)
  7 ball pythons
  6 bats
  3 endoplasms
  3 giant cockroaches (D:1)
  4 goblins
  7 hobgoblins
  4 quokkas
  4 frilled lizards
  4 kobolds
  6 rats
58 creatures vanquished.

Notes
Turn   | Place    | Note
-------+----------+-------------------------------------------
     0 | D:1      | Scypho the Minotaur Fighter began the quest for the Orb.
     0 | D:1      | Reached XP level 1. HP: 19/19 MP: 0/0
   127 | D:1      | Reached skill level 3 in Maces & Flails
   178 | D:1      | Reached XP level 2. HP: 25/26 MP: 1/1
   348 | D:1      | Reached skill level 4 in Maces & Flails
   518 | D:1      | Found a faded altar of an unknown god.
   650 | D:1      | Got the Collected Works on Gusty Metamorphosis
   778 | D:1      | Reached XP level 3. HP: 31/31 MP: 2/2
  1535 | D:2      | Reached skill level 5 in Maces & Flails
  1967 | D:3      | Reached XP level 4. HP: 19/39 MP: 3/3
  2761 | D:4      | Found a sand-covered staircase.
  2761 | D:4      | Noticed Eustachio
  2775 | D:4      | Reached skill level 6 in Maces & Flails
  2817 | D:4      | Killed Eustachio
  2818 | D:4      | Reached skill level 7 in Maces & Flails
  2818 | D:4      | Reached XP level 5. HP: 38/45 MP: 4/4
  2819 | D:4      | Quit the game

Illustrated notes

Levels and vault maps discovered:
D:1:      lemuel_arrival_cross, layout_loops_corners,
          shapermc_ecumenical_altar_petra, minmay_hexomino_p4
D:2:      layout_loops_ring
D:3:      layout_basic, serial_rivers, chequers_serial_rivers_micro_d,
          chequers_serial_rivers_large_a, chequers_serial_rivers_large_b,
          chequers_serial_rivers_small_b, chequers_serial_rivers_small_b
D:4:      layout_basic, overflow_temple_1_default, enter_ossuary_1,
          uniq_eustachio

Skill      XL: |  1  2  3  4 |
---------------+-------------+-----
Maces & Flails | 3 4 5 7 |  7.5
Fighting       | |  3.6
Armour         | |  3.6
Shields        | |  3.6

Action                   |  1- 3 |  4- 6 || total
-------------------------+-------+-------++-------
Melee: Flail             |   104 |    45 ||   149
       Headbutt          |    16 |     7 ||    23
  Use: Scroll            |       |     7 ||     7
       Potion            |       |     2 ||     2
Armor: Scale mail        |    31 |    44 ||    75
Dodge: Dodged            |    34 |    35 ||    69
Block: Buckler           |    20 |    13 ||    33
